[Event "Titled Tuesday Blitz March 28 Early 2023"]
[White "Nakamura, Hikaru"]
[Black "Demchenko, Anton"]
[WhiteFideId "2016192"]
[BlackFideId "4160258"]
[WhiteElo "2879"]
[BlackElo "2545"]
[Result "1-0"]
[Round "10"]
[TimeControl "180+2"]
[Date "2023.03.28"]
[WhiteClock "0:00:09"]
[BlackClock "0:00:03"]

1. e4 e5 2. Bc4 Nf6 3. d3 Nc6 4. Nc3 Bb4 5. Nf3 d6 6. O-O Bxc3 7. bxc3 h6 8. Nd2 O-O 9. Bb3 Be6 10. Re1 a5 11. Rb1 b6 12. Nf1 a4 13. Bxe6 fxe6 14. Ng3 d5 15. Ba3 Rf7 16. Qe2 d4 17. c4 Nd7 18. Qg4 Qe8 19. Nh5 Kh7 20. Bc1 Nf6 21. Qxg7+ Rxg7 22. Nxf6+ Kg6 23. Nxe8 Rxe8 24. g3 h5 25. h4 Ra8 26. Kg2 Nb8 27. Rb5 Nd7 28. Rf1 Rf7 29. f3 Rff8 30. Rb1 c6 31. Bg5 Rab8 32. Rb4 Ra8 33. f4 Ra5 34. Kh3 Rf7 35. Rfb1 Ra6 36. Rf1 Rf8 37. Rbb1 Rf7 38. g4 hxg4+ 39. Kxg4 exf4 40. Rxf4 Rxf4+ 41. Bxf4 Ra8 42. h5+ Kh7 43. Bc7 Rg8+ 44. Kf3 Rc8 45. Bd6 b5 46. cxb5 cxb5 47. Rxb5 Kh6 48. Bf4+ Kg7 49. Rb7 Rd8 50. Bg5 Rf8+ 51. Kg3 Rf7 52. Ra7 Kg8 53. h6 e5 54. Rxa4 Nf8 55. Ra6 Rc7 56. Bf6 Nd7 57. Bg5 Kh7 58. Re6 Kg8 59. Re8+ Kf7 60. Re7+ Kg6 61. Rg7+ Kh5 62. h7 Rc8 63. Rg8 1-0


[Site "https://www.chess.com"]

[Event "Titled Tuesday Blitz March 28 Early 2023"]
[White "So, Wesley"]
[Black "Kramnik, Vladimir"]
[WhiteFideId "5202213"]
[BlackFideId "4101588"]
[WhiteElo "2739"]
[BlackElo "2712"]
[Result "0-1"]
[Round "10"]
[TimeControl "180+2"]
[Date "2023.03.28"]
[WhiteClock "0:00:04"]
[BlackClock "0:00:50"]

1. d4 d5 2. c4 c6 3. Nf3 Nf6 4. Qb3 e6 5. Nc3 dxc4 6. Qxc4 b5 7. Qd3 Bb7 8. e4 b4 9. Na4 Qa5 10. b3 c5 11. e5 Ba6 12. Qc2 Bxf1 13. Rxf1 Nd5 14. dxc5 Nd7 15. Be3 Rc8 16. O-O-O Bxc5 17. Kb1 O-O 18. Rxd5 exd5 19. Bxc5 Nxc5 20. Rc1 Nxa4 21. Qxc8 Nc3+ 22. Rxc3 bxc3 23. Qf5 Qb5 24. Ng5 g6 25. Qh3 Qf1+ 26. Kc2 Qxf2+ 27. Kxc3 Qe1+ 28. Kc2 Qe2+ 29. Kc1 h5 30. Nf3 Qe3+ 31. Kb2 d4 0-1


[Site "https://www.chess.com"]

[Event "Titled Tuesday Blitz March 28 Early 2023"]
[White "Gholami Orimi, Mahdi"]
[Black "Le, Tuan Minh"]
[WhiteFideId "12558486"]
[BlackFideId "12401153"]
[WhiteElo "2363"]
[BlackElo "2558"]
[Result "1-0"]
[Round "10"]
[TimeControl "180+2"]
[Date "2023.03.28"]
[WhiteClock "0:00:04"]
[BlackClock "0:00:01"]

1. d4 d5 2. c4 c6 3. Nf3 Nf6 4. g3 Bf5 5. Nc3 e6 6. Qb3 Qb6 7. c5 Qxb3 8. axb3 Na6 9. Bf4 Be7 10. e3 Nb4 11. Ra4 a5 12. Bc7 Bd8 13. Bxd8 Kxd8 14. Kd2 Kc7 15. Ne5 Rhf8 16. f3 Nd7 17. Nxd7 Kxd7 18. Be2 f6 19. e4 dxe4 20. fxe4 Bg6 21. Rha1 Kc7 22. Rc1 Rfd8 23. Ke3 Rd7 24. Na2 Nxa2 25. Rxa2 Rad8 26. Rc4 e5 27. dxe5 fxe5 28. Rxa5 Rd2 29. Ra7 R8d4 30. Rxd4 Rxd4 31. Ba6 Rxe4+ 32. Kd2 Rd4+ 33. Kc3 Rd5 34. Rxb7+ Kd8 35. b4 e4 36. Rxg7 e3 37. Rg8+ Ke7 38. Rc8 Kd7 39. Ra8 Rd2 40. Ra7+ Kd8 41. Bc4 Rc2+ 42. Kb3 e2 43. Ra1 Rd2 44. Re1 Bh5 45. Kc3 Rd1 46. Rxe2 Bxe2 47. Bxe2 Rh1 48. Bf3 Rxh2 49. Bxc6 Rh3 50. b5 Rxg3+ 51. Kb4 h5 52. b6 h4 53. Bd5 Rg4+ 54. Kb5 Rg5 55. Bb7 h3 56. b4 h2 57. Ka6 Rg1 58. c6 Ra1+ 59. Kb5 Ke7 60. c7 Rc1 61. Ka6 Kd7 62. Ka7 Kd6 63. Kb8 Rc4 64. c8=Q Rxb4 65. Qf8+ 1-0


[Site "https://www.chess.com"]

[Event "Titled Tuesday Blitz March 28 Early 2023"]
[White "Sjugirov, Sanan"]
[Black "Erigaisi Arjun"]
[WhiteFideId "4189302"]
[BlackFideId "35009192"]
[WhiteElo "2569"]
[BlackElo "2737"]
[Result "1/2-1/2"]
[Round "10"]
[TimeControl "180+2"]
[Date "2023.03.28"]
[WhiteClock "0:00:06"]
[BlackClock "0:00:16"]

1. d4 d6 2. Nf3 g6 3. e4 Bg7 4. Bc4 Nc6 5. c3 Nf6 6. Qe2 e5 7. dxe5 Nxe5 8. Nxe5 dxe5 9. Nd2 O-O 10. O-O c6 11. a4 Nh5 12. Nf3 h6 13. h3 Kh7 14. Rd1 Qe7 15. Be3 Be6 16. b4 Nf4 17. Qa2 Qf6 18. Bxf4 Bxc4 19. Qxc4 exf4 20. Rd3 a5 21. b5 Rfd8 22. Rad1 Rxd3 23. Rxd3 cxb5 24. Qxb5 Qc6 25. Qxc6 bxc6 26. Rd7 Kg8 27. e5 Re8 28. Rc7 Bxe5 29. Rxc6 Bg7 30. Rc5 Re2 31. Rxa5 Bxc3 32. Rc5 Bf6 33. h4 Ra2 34. Rc4 g5 35. hxg5 hxg5 36. g4 fxg3 37. fxg3 Kg7 38. g4 Bd8 39. Kf1 f5 40. gxf5 Kf6 41. Rd4 Bc7 42. Rc4 Bg3 43. Nd4 g4 44. Ne2 Be5 45. Rxg4 Kxf5 46. Rc4 Ke6 47. Rg4 Kf5 48. Rc4 Bf6 49. Rb4 Bg5 50. Ng3+ Ke6 51. Re4+ Kd5 52. Rg4 Be3 53. Ne2 Ke5 54. Rc4 Kd5 55. Rh4 Ke5 56. Rh5+ Kd6 57. Rh4 Kc6 58. Rc4+ Kb7 59. Re4 Bc5 60. Kg2 Ka6 61. Kf3 Ka5 62. Kf4 Rxa4 63. Rxa4+ Kxa4 1/2-1/2


[Site "https://www.chess.com"]

[Event "Titled Tuesday Blitz March 28 Early 2023"]
[White "Firouzja, Alireza"]
[Black "Drozdowski, Kacper"]
[WhiteFideId "12573981"]
[BlackFideId "1136720"]
[WhiteElo "2904"]
[BlackElo "2497"]
[Result "1-0"]
[Round "10"]
[TimeControl "180+2"]
[Date "2023.03.28"]
[WhiteClock "0:01:12"]
[BlackClock "0:00:03"]

1. d4 Nf6 2. c4 g6 3. Nc3 d5 4. cxd5 Nxd5 5. e4 Nxc3 6. bxc3 Bg7 7. Bc4 O-O 8. Ne2 c5 9. Be3 Nc6 10. h4 cxd4 11. cxd4 Qa5+ 12. Kf1 b6 13. Rc1 Bb7 14. h5 e6 15. hxg6 hxg6 16. Nf4 Ba6 17. Bxa6 Qxa6+ 18. Kg1 Rfc8 19. d5 exd5 20. Nxd5 Qb7 21. Bg5 Kf8 22. Nf6 Qc7 23. Rh7 Rd8 24. Nd5 Qe5 25. Bxd8 Nxd8 26. Nc7 Rb8 27. Qd7 Qxe4 28. Qd6+ Kg8 29. Rxg7+ Kxg7 30. Ne8+ Qxe8 31. Qxb8 Qe7 32. Qc7 Qg5 33. Re1 Qd5 34. Qxa7 Ne6 35. Qa4 g5 36. Qb3 Qc6 37. Qb2+ Kg6 38. Rc1 Qd5 39. Qc2+ Kg7 40. Rd1 Qb7 41. Qc3+ Kg6 42. Qd3+ Kg7 43. Qd5 Qc7 44. Re1 Qc2 45. Qe5+ Kg6 46. Qe4+ Qxe4 47. Rxe4 Nc5 48. Rb4 Nd7 49. Rd4 1-0


[Site "https://www.chess.com"]

[Event "Titled Tuesday Blitz March 28 Early 2023"]
[White "Deac, Bogdan-Daniel"]
[Black "Bluebaum, Matthias"]
[WhiteFideId "1226380"]
[BlackFideId "24651516"]
[WhiteElo "2649"]
[BlackElo "2638"]
[Result "0-1"]
[Round "10"]
[TimeControl "180+2"]
[Date "2023.03.28"]
[WhiteClock "0:00:02"]
[BlackClock "0:01:09"]

1. Nf3 d5 2. e3 c5 3. b3 a6 4. Bb2 Nc6 5. g3 d4 6. Bg2 g6 7. exd4 Bg7 8. c3 cxd4 9. c4 Nh6 10. O-O O-O 11. d3 Bf5 12. Na3 e5 13. Nh4 Bg4 14. Qd2 Nf5 15. Nxf5 Bxf5 16. b4 Re8 17. Nc2 Qd7 18. Rfe1 b5 19. c5 Bh3 20. Bh1 Be6 21. a3 Bd5 22. Rab1 Bxh1 23. Kxh1 Qd5+ 24. Kg1 f5 25. Qd1 Rad8 26. f3 e4 27. fxe4 fxe4 28. dxe4 Rxe4 29. Rxe4 Qxe4 30. Ne1 d3 31. Bxg7 Kxg7 32. Nf3 d2 33. Rb2 Rd3 34. Rxd2 Rxf3 35. Rd7+ Kh6 36. Qd2+ g5 37. Rd5 Ne5 0-1


[Site "https://www.chess.com"]

[Event "Titled Tuesday Blitz March 28 Early 2023"]
[White "Sarana, Alexey"]
[Black "Durarbayli, Vasif"]
[WhiteFideId "24133795"]
[BlackFideId "13402935"]
[WhiteElo "2714"]
[BlackElo "2543"]
[Result "0-1"]
[Round "10"]
[TimeControl "180+2"]
[Date "2023.03.28"]
[WhiteClock "0:00:17"]
[BlackClock "0:01:29"]

1. d4 Nf6 2. c4 e6 3. Nc3 Bb4 4. e3 O-O 5. Bd3 d6 6. Bd2 e5 7. a3 Bxc3 8. Bxc3 e4 9. Bc2 Re8 10. Ne2 Bg4 11. O-O Nbd7 12. Qd2 Bf3 13. Ng3 Ng4 14. h3 Qh4 15. hxg4 Nf6 16. Rfc1 Nxg4 17. gxf3 exf3 18. Bf5 Qh3 19. Bxg4 Qg2# 0-1


[Site "https://www.chess.com"]

[Event "Titled Tuesday Blitz March 28 Early 2023"]
[White "Martinez Alcantara, Jose Eduardo"]
[Black "Vasquez Schroeder, Rodrigo"]
[WhiteFideId "3805662"]
[BlackFideId "3400042"]
[WhiteElo "2712"]
[BlackElo "2600"]
[Result "1-0"]
[Round "10"]
[TimeControl "180+2"]
[Date "2023.03.28"]
[WhiteClock "0:00:58"]
[BlackClock "0:00:20"]

1. e4 c5 2. Nf3 d6 3. c3 Nf6 4. h3 Nc6 5. Bd3 d5 6. e5 Nd7 7. Bb5 e6 8. Bxc6 bxc6 9. d3 a5 10. c4 Be7 11. Nc3 O-O 12. Qe2 Qc7 13. O-O f6 14. Bf4 fxe5 15. Bxe5 Nxe5 16. Nxe5 Bd6 17. Rae1 a4 18. f4 a3 19. b3 Ba6 20. Nb1 Rae8 21. h4 Rf5 22. Nd2 Bc8 23. g3 Ref8 24. Ndf3 g6 25. Kg2 Kg7 26. Qd2 h6 27. Qc1 g5 28. d4 gxf4 29. g4 R5f6 30. dxc5 Bxc5 31. Qc3 Kg8 32. cxd5 Qd6 33. Nc4 Qxd5 34. Re5 1-0


[Site "https://www.chess.com"]

[Event "Titled Tuesday Blitz March 28 Early 2023"]
[White "Aveskulov, Valeriy"]
[Black "Alekseenko, Kirill"]
[WhiteFideId "14109743"]
[BlackFideId "4135539"]
[WhiteElo "2552"]
[BlackElo "2683"]
[Result "0-1"]
[Round "10"]
[TimeControl "180+2"]
[Date "2023.03.28"]
[WhiteClock "0:00:10"]
[BlackClock "0:00:43"]

1. e4 e5 2. Nf3 Nc6 3. Bb5 a6 4. Ba4 d6 5. O-O Bd7 6. c3 Nge7 7. d4 Ng6 8. Re1 Be7 9. Nbd2 O-O 10. Nf1 Bg4 11. Be3 Nh4 12. N1d2 Bf6 13. Bxc6 bxc6 14. dxe5 Bxe5 15. h3 Nxf3+ 16. Nxf3 Bxf3 17. Qxf3 Rb8 18. Re2 Re8 19. Rd1 Qh4 20. Qg4 Qe7 21. f4 Bf6 22. Bf2 g6 23. Rde1 Bg7 24. Qf3 Qe6 25. b3 a5 26. c4 a4 27. g4 axb3 28. axb3 Qf6 29. Kg2 g5 30. e5 Qxf4 31. Qxf4 gxf4 32. exd6 Rxe2 33. Rxe2 cxd6 34. c5 d5 35. Bh4 Bd4 36. Be7 Rxb3 37. Ra2 f3+ 38. Kg3 f2+ 39. Kg2 Rg3+ 40. Kxg3 f1=Q 41. Ra8+ Kg7 42. Bf8+ Kg6 43. Bd6 Qf2# 0-1


[Site "https://www.chess.com"]

[Event "Titled Tuesday Blitz March 28 Early 2023"]
[White "Ivic, Velimir"]
[Black "Makarian, Rudik"]
[WhiteFideId "950122"]
[BlackFideId "44105681"]
[WhiteElo "2563"]
[BlackElo "2436"]
[Result "1-0"]
[Round "10"]
[TimeControl "180+2"]
[Date "2023.03.28"]
[WhiteClock "0:00:52"]
[BlackClock "0:00:04"]

1. e4 c5 2. Nf3 Nc6 3. Bb5 e6 4. O-O Nge7 5. Re1 a6 6. Bf1 b6 7. d4 cxd4 8. Nxd4 Nxd4 9. Qxd4 Nc6 10. Qd3 Bc5 11. Nc3 O-O 12. e5 Qh4 13. g3 Qd4 14. Qe2 Nxe5 15. Rd1 Qg4 16. Qxe5 Qf3 17. Qe2 Qf5 18. Bg2 d5 19. Na4 Bd7 20. Nxc5 bxc5 21. c4 d4 22. Be4 Qf6 23. Qh5 h6 24. Qxc5 e5 25. Qa3 Bg4 26. Re1 Rac8 27. Qd3 Kh8 28. b3 Qd6 29. Bf5 Bxf5 30. Qxf5 g6 31. Qxe5+ 1-0


[Site "https://www.chess.com"]

[Event "Titled Tuesday Blitz March 28 Early 2023"]
[White "Ibarra Jerez, Jose Carlos"]
[Black "Andreikin, Dmitry"]
[WhiteFideId "2226332"]
[BlackFideId "4158814"]
[WhiteElo "2638"]
[BlackElo "2736"]
[Result "0-1"]
[Round "10"]
[TimeControl "180+2"]
[Date "2023.03.28"]
[WhiteClock "0:00:01"]
[BlackClock "0:00:25"]

1. e4 c5 2. Ne2 Nf6 3. Nbc3 d5 4. exd5 Nxd5 5. Nxd5 Qxd5 6. d4 cxd4 7. Qxd4 Qe6 8. Be3 Nc6 9. Qc3 Bd7 10. Nf4 Qe5 11. Qxe5 Nxe5 12. Nd5 Rc8 13. Bxa7 Rxc2 14. Bd4 e6 15. Bxe5 exd5 16. Bc3 Bc5 17. Bd3 Rxf2 18. O-O-O O-O 19. Rhe1 Rxg2 20. Bf1 Rg5 21. h4 Rh5 22. Be2 Be3+ 23. Kc2 Rxh4 24. Rxd5 Bc6 25. Re5 Bd4 26. Bxd4 Rxd4 27. Bd3 g6 28. Kc3 Rfd8 29. Bc4 R4d7 30. b4 Rc7 31. b5 Bd5 32. Rxd5 Rxd5 33. b6 Rc6 34. Re4 Rdc5 35. Kb4 Rxc4+ 36. Rxc4 Rxb6+ 37. Ka5 Ra6+ 38. Kb5 Rxa2 39. Rc2 0-1


[Site "https://www.chess.com"]

[Event "Titled Tuesday Blitz March 28 Early 2023"]
[White "Rakhmanov, Aleksandr"]
[Black "Lazavik, Denis"]
[WhiteFideId "4173708"]
[BlackFideId "13515110"]
[WhiteElo "2530"]
[BlackElo "2560"]
[Result "0-1"]
[Round "10"]
[TimeControl "180+2"]
[Date "2023.03.28"]
[WhiteClock "0:00:02"]
[BlackClock "0:00:16"]

1. c4 Nf6 2. Nc3 e5 3. Nf3 Nc6 4. e4 Bb4 5. d3 d6 6. a3 Bc5 7. b4 Bb6 8. Na4 Bd4 9. Nxd4 Nxd4 10. Be2 Be6 11. O-O b5 12. Nc3 bxc4 13. dxc4 O-O 14. f4 Nxe2+ 15. Qxe2 exf4 16. Bxf4 Nd7 17. Rad1 f6 18. c5 dxc5 19. Nb5 Rc8 20. Nxa7 Ra8 21. Nb5 Rc8 22. bxc5 Qe7 23. c6 Nb6 24. Nd4 Bc4 25. Nf5 Qc5+ 26. Qf2 Qxf2+ 27. Rxf2 Rfe8 28. Rd4 Be6 29. g4 Nc4 30. a4 g6 31. Nh6+ Kh8 32. g5 Rf8 33. Rxc4 Bxc4 34. gxf6 Rce8 35. e5 Be6 36. Bg5 Ra8 37. f7 Kg7 38. Rf6 Bxf7 39. e6 Be8 40. Ng4 Rxf6 41. Bxf6+ Kf8 42. Ne5 Rxa4 43. Nd7+ Kg8 44. Be5 Rc4 0-1


[Site "https://www.chess.com"]

[Event "Titled Tuesday Blitz March 28 Early 2023"]
[White "Duda, Jan-Krzysztof"]
[Black "Kovalev, Vladislav"]
[WhiteFideId "1170546"]
[BlackFideId "13504398"]
[WhiteElo "2790"]
[BlackElo "2555"]
[Result "1-0"]
[Round "10"]
[TimeControl "180+2"]
[Date "2023.03.28"]
[WhiteClock "0:00:04"]
[BlackClock "0:00:11"]

1. d4 Nf6 2. c4 e6 3. Nf3 d5 4. g3 h6 5. Bg2 Bd6 6. O-O O-O 7. Nc3 Nc6 8. b3 dxc4 9. bxc4 e5 10. e3 exd4 11. exd4 Re8 12. Rb1 Rb8 13. Qd3 Nb4 14. Qd2 Bf5 15. c5 Bxb1 16. Nxb1 Bxc5 17. dxc5 Qxd2 18. Bxd2 Nxa2 19. Nc3 Nxc3 20. Bxc3 Ne4 21. Bd4 c6 22. Ra1 b6 23. Rxa7 bxc5 24. Be3 Rb1+ 25. Bf1 c4 26. Kg2 c3 27. Rc7 c2 28. Rxc6 Nxg3 29. hxg3 Rxe3 30. Rc8+ Kh7 31. fxe3 c1=Q 32. Bd3+ g6 33. Rxc1 Rxc1 34. Kf2 Ra1 35. e4 Kg7 36. e5 Ra2+ 37. Ke3 Ra3 38. g4 Kf8 39. Ke4 Ra4+ 40. Nd4 h5 41. gxh5 gxh5 42. Be2 h4 43. Bg4 Kg7 44. Ke3 Kh6 45. Bd7 h3 46. Bxa4 h2 47. Nf5+ Kg5 48. Ng3 Kg4 49. Nh1 Kf5 50. Kd4 Kf4 51. Bc6 1-0


[Site "https://www.chess.com"]

[Event "Titled Tuesday Blitz March 28 Early 2023"]
[White "Sadhwani, Raunak"]
[Black "Preotu, Razvan"]
[WhiteFideId "35093487"]
[BlackFideId "2613280"]
[WhiteElo "2631"]
[BlackElo "2407"]
[Result "1-0"]
[Round "10"]
[TimeControl "180+2"]
[Date "2023.03.28"]
[WhiteClock "0:01:03"]
[BlackClock "0:00:04"]

1. Nf3 c5 2. b3 Nf6 3. Bb2 Nc6 4. c4 d5 5. cxd5 Nxd5 6. g3 f6 7. Bg2 e5 8. O-O Be6 9. d3 Qd7 10. Nbd2 Bh3 11. Rc1 h5 12. Ne4 b6 13. Nc3 Nc7 14. e3 Rd8 15. Ne1 Bxg2 16. Kxg2 h4 17. Qe2 hxg3 18. fxg3 Nd5 19. Kg1 Nxc3 20. Bxc3 Be7 21. Rd1 Qe6 22. Nf3 e4 23. Nh4 exd3 24. Rxd3 Rxd3 25. Qxd3 O-O 26. Nf5 Rd8 27. Qe2 Bf8 28. Qg4 Qd5 29. Bxf6 Ne5 30. Ne7+ Kf7 31. Nxd5 Nxg4 32. Bxd8+ 1-0


[Site "https://www.chess.com"]

[Event "Titled Tuesday Blitz March 28 Early 2023"]
[White "Anton Guijarro, David"]
[Black "Xu, Yi"]
[WhiteFideId "2285525"]
[BlackFideId "8605564"]
[WhiteElo "2618"]
[BlackElo "2471"]
[Result "1-0"]
[Round "10"]
[TimeControl "180+2"]
[Date "2023.03.28"]
[WhiteClock "0:00:11"]
[BlackClock "0:00:19"]

1. d4 Nf6 2. c3 e6 3. Bg5 d5 4. Nd2 Be7 5. e3 h6 6. Bh4 b6 7. Ngf3 Bb7 8. Bd3 Nbd7 9. O-O Ne4 10. Bxe7 Qxe7 11. Qc2 f5 12. Bb5 c6 13. Be2 O-O 14. Ne1 e5 15. Nd3 Nxd2 16. Qxd2 e4 17. Nf4 Qd6 18. Nh5 g6 19. Ng3 h5 20. f4 Nf6 21. Nh1 c5 22. Nf2 c4 23. b3 b5 24. a4 a6 25. Rfb1 Bc6 26. Qb2 Rfb8 27. axb5 axb5 28. Nh3 Nh7 29. b4 Qc7 30. Qc1 Kg7 31. Qe1 Qe7 32. Ra5 Ra6 33. Rxa6 1-0


[Site "https://www.chess.com"]

[Event "Titled Tuesday Blitz March 28 Early 2023"]
[White "Dominguez Perez, Leinier"]
[Black "Real_OceanStorm"]
[WhiteFideId "3503240"]
[WhiteElo "2647"]
[BlackElo "2798"]
[Result "1/2-1/2"]
[Round "10"]
[TimeControl "180+2"]
[Date "2023.03.28"]
[WhiteClock "0:00:05"]
[BlackClock "0:00:14"]

1. e4 e5 2. Nf3 Nc6 3. Bc4 Nf6 4. d3 d6 5. c3 h6 6. O-O Be7 7. Re1 Na5 8. Bb5+ Bd7 9. Bxd7+ Nxd7 10. Nbd2 O-O 11. Nf1 Nc6 12. Ng3 a5 13. d4 exd4 14. cxd4 Bf6 15. Bf4 Re8 16. Rc1 a4 17. Qd2 a3 18. b3 Nf8 19. Nf5 Ne7 20. g4 Ne6 21. Be3 Nxf5 22. gxf5 Ng5 23. Bxg5 hxg5 24. h3 c6 25. Kg2 Rc8 26. Rcd1 Qc7 27. Qc3 c5 28. e5 Be7 29. Qc4 d5 30. Qxd5 cxd4 31. e6 Bf6 32. Rc1 Qe7 33. Nxd4 Bxd4 34. Rxc8 Rxc8 35. Qxd4 fxe6 36. Rxe6 Qf7 37. Qe5 Rd8 38. Re7 Qd5+ 39. Qxd5+ Rxd5 40. Rxb7 Rd2 41. Ra7 Rxa2 42. Kg3 Ra1 43. Kg4 a2 44. Kh5 Kh7 45. b4 g4 46. h4 Rb1 47. Rxa2 Rxb4 48. Kg5 Kg8 49. Ra3 Rb2 50. Ra8+ Kf7 51. Ra7+ Kf8 52. Kg6 Rxf2 53. Ra8+ Ke7 54. Ra7+ Kd6 55. Rxg7 Ke5 56. Kh5 g3 57. Rxg3 Kxf5 58. Rg8 Ke6 59. Kh6 Rh2 60. h5 Kf5 61. Rg5+ Kf6 62. Rg6+ Kf5 63. Rg7 Rh1 64. Rg8 Kf4 65. Rf8+ Kg4 66. Kg6 Rxh5 67. Rf4+ Kxf4 68. Kxh5 1/2-1/2


[Site "https://www.chess.com"]

[Event "Titled Tuesday Blitz March 28 Early 2023"]
[White "Xu, Xiangyu"]
[Black "Mahdavi, Reza"]
[WhiteFideId "8608288"]
[BlackFideId "12595926"]
[WhiteElo "2477"]
[BlackElo "2208"]
[Result "1/2-1/2"]
[Round "10"]
[TimeControl "180+2"]
[Date "2023.03.28"]
[WhiteClock "0:00:57"]
[BlackClock "0:00:46"]

1. d4 Nf6 2. c4 g6 3. f3 Bg7 4. e4 d6 5. Nc3 O-O 6. Be3 c5 7. dxc5 dxc5 8. Qxd8 Rxd8 9. Bxc5 Nc6 10. Nge2 b6 11. Be3 Nb4 12. Rd1 Nd3+ 13. Rxd3 Rxd3 14. Bd4 e6 15. Nb5 a6 16. Nec3 Rxd4 17. Nxd4 Nxe4 18. Nxe4 Bxd4 19. b3 Bb7 20. Bd3 Rd8 21. Ke2 f5 22. Nd2 Be5 23. g3 Kf7 24. Rc1 g5 25. c5 Rc8 26. b4 a5 27. a3 axb4 28. axb4 bxc5 29. Rxc5 Rxc5 30. bxc5 Bd4 31. Nb3 Bg1 32. Bc4 Ke7 33. h3 f4 34. gxf4 gxf4 35. Bd3 Bd5 36. Nd2 h6 37. Ne4 Bxe4 38. Bxe4 Bxc5 39. Kf1 Be3 40. Kg2 h5 41. Ba8 h4 42. Be4 e5 43. Ba8 Kd6 44. Be4 Kc5 45. Ba8 Kd4 46. Be4 Kc3 47. Ba8 Kb4 48. Be4 Kc5 49. Ba8 Kb6 50. Be4 Ka7 51. Bd5 Kb6 52. Be4 Kc5 1/2-1/2


[Site "https://www.chess.com"]

[Event "Titled Tuesday Blitz March 28 Early 2023"]
[White "Kamsky, Gata"]
[Black "Aradhya, Garg"]
[WhiteFideId "2000024"]
[BlackFideId "25006746"]
[WhiteElo "2666"]
[BlackElo "2263"]
[Result "1/2-1/2"]
[Round "10"]
[TimeControl "180+2"]
[Date "2023.03.28"]
[WhiteClock "0:00:18"]
[BlackClock "0:00:59"]

1. e4 e5 2. Nf3 Nc6 3. Bb5 a6 4. Ba4 Nge7 5. c3 Ng6 6. d4 d5 7. exd5 Qxd5 8. O-O Bg4 9. dxe5 Bxf3 10. Qxf3 Qxf3 11. gxf3 Nxe5 12. f4 Nd3 13. Nd2 Nxf4 14. Re1+ Ne6 15. Nf3 O-O-O 16. Bxc6 bxc6 17. Ne5 Bc5 18. Nxf7 Rdf8 19. Rxe6 Rxf7 20. Be3 Bd6 21. Kg2 Rhf8 22. Re4 Rf5 23. h3 a5 24. a4 Kd7 25. Rb1 c5 26. Rd1 Rb8 27. Rd2 Kc6 28. Rg4 g6 29. Kf1 Rd5 30. Rxd5 Kxd5 31. Bc1 Re8 32. c4+ Kc6 33. Bd2 Kb6 34. Bc3 Re6 35. f3 1/2-1/2


[Site "https://www.chess.com"]

[Event "Titled Tuesday Blitz March 28 Early 2023"]
[White "Bacrot, Etienne"]
[Black "Samant Aditya S"]
[WhiteFideId "605506"]
[BlackFideId "35080580"]
[WhiteElo "2663"]
[BlackElo "2362"]
[Result "0-1"]
[Round "10"]
[TimeControl "180+2"]
[Date "2023.03.28"]
[WhiteClock "0:00:15"]
[BlackClock "0:00:09"]

1. e4 c5 2. Nf3 d6 3. c3 Nf6 4. Be2 Bd7 5. d3 g6 6. O-O Bg7 7. Re1 O-O 8. Bf1 Nc6 9. d4 cxd4 10. cxd4 Bg4 11. Nc3 Bxf3 12. gxf3 Nh5 13. Be3 e5 14. dxe5 Bxe5 15. Nd5 Qh4 16. h3 Ne7 17. Nxe7+ Qxe7 18. Qd2 f5 19. f4 Bg7 20. exf5 Rxf5 21. Bd3 Rff8 22. f5 gxf5 23. Bc4+ Kh8 24. Bg5 Qc7 25. Be6 Be5 26. Kh1 Rae8 27. Bd5 Nf6 28. Rac1 Qb6 29. Bh6 Nxd5 30. Bxf8 Nf6 31. Bh6 Ne4 32. Qe3 Nxf2+ 33. Kg2 Rg8+ 34. Kf1 Bd4 35. Bg7+ Rxg7 36. Rc8+ Rg8 37. Rxg8+ Kxg8 38. Qg5+ Kf7 39. Qxf5+ Bf6 40. Qxf2 Qxf2+ 41. Kxf2 Bh4+ 42. Ke2 Bxe1 43. Kxe1 Ke6 44. Ke2 d5 45. Kf3 Ke5 46. Ke3 d4+ 47. Kd3 Kd5 48. h4 h5 49. b4 b5 50. a3 a6 0-1


[Site "https://www.chess.com"]

[Event "Titled Tuesday Blitz March 28 Early 2023"]
[White "Subelj, Jan"]
[Black "Drygalov, Andrey"]
[WhiteFideId "14618583"]
[BlackFideId "24171735"]
[WhiteElo "2474"]
[BlackElo "2471"]
[Result "0-1"]
[Round "10"]
[TimeControl "180+2"]
[Date "2023.03.28"]
[WhiteClock "0:00:13"]
[BlackClock "0:00:13"]

1. e4 c5 2. Na3 e6 3. c3 Nf6 4. d3 Nc6 5. f4 d5 6. e5 Nd7 7. Nf3 f6 8. d4 Qb6 9. Nc2 Be7 10. a3 O-O 11. b4 cxd4 12. cxd4 fxe5 13. fxe5 Ncxe5 14. dxe5 Nxe5 15. Be3 Nxf3+ 16. gxf3 Bh4+ 17. Kd2 Qc7 18. Bd3 e5 19. Rc1 Qe7 20. Rg1 b6 21. Ke2 Be6 22. Qd2 Qf7 23. Rcf1 e4 24. Bb5 exf3+ 25. Kd1 f2 26. Rh1 Rac8 27. h3 Bf5 28. Nd4 Be4 29. Rh2 Qc7 30. Rhxf2 Bxf2 31. Rxf2 Rxf2 32. Bxf2 Qh2 33. h4 Qh3 34. Qe3 Qh1+ 35. Qe1 Qh3 36. Qe3 Qxe3 37. Bxe3 Rc3 38. Kd2 Rxa3 39. Bd7 a5 40. bxa5 bxa5 41. Be6+ Kh8 42. Nc6 a4 43. Ne5 h6 44. h5 Kh7 45. Bc5 Rb3 46. Ng6 a3 47. Nf8+ Kh8 48. Ke2 a2 49. Bd4 Rb1 50. Ng6+ Bxg6 51. hxg6 a1=Q 52. Bxa1 Rxa1 53. Bxd5 Ra6 54. Bf7 Rf6 55. Ke3 h5 56. Ke2 h4 57. Ke3 h3 58. Ke2 h2 59. Bd5 Rxg6 60. Kf2 Rg1 0-1


[Site "https://www.chess.com"]

[Event "Titled Tuesday Blitz March 28 Early 2023"]
[White "Shimanov, Aleksandr"]
[Black "Amilal Munkhdalai"]
[WhiteFideId "4198603"]
[BlackFideId "4903250"]
[WhiteElo "2631"]
[BlackElo "2293"]
[Result "1-0"]
[Round "10"]
[TimeControl "180+2"]
[Date "2023.03.28"]
[WhiteClock "0:01:06"]
[BlackClock "0:01:37"]

1. e4 c5 2. d4 cxd4 3. Qxd4 Nc6 4. Qd3 Qc7 5. Nc3 e6 6. Qg3 Qxg3 7. hxg3 a6 8. Nf3 d6 9. g4 Nf6 10. g5 Nd7 11. Bf4 Nde5 12. O-O-O Nxf3 13. gxf3 e5 14. Be3 Be6 15. f4 g6 16. Bh3 h5 17. f5 Bd7 18. Nd5 Rb8 19. Nf6+ Kd8 20. Nxd7 Kxd7 21. fxg6+ Ke7 22. gxf7 Kxf7 23. f4 exf4 24. Bxf4 Ne5 25. Bxe5 dxe5 26. Rd7+ Kg6 27. Rg1 h4 28. Bf5+ Kh5 29. g6 Bc5 30. Rg2 Rhd8 31. Rh7# 1-0


[Site "https://www.chess.com"]

[Event "Titled Tuesday Blitz March 28 Early 2023"]
[White "Sasikiran, Krishnan"]
[Black "Danielyan, Vahe"]
[WhiteFideId "5004985"]
[BlackFideId "13304828"]
[WhiteElo "2567"]
[BlackElo "2423"]
[Result "1-0"]
[Round "10"]
[TimeControl "180+2"]
[Date "2023.03.28"]
[WhiteClock "0:00:11"]
[BlackClock "0:00:02"]

1. e4 c6 2. Nf3 d5 3. d3 Qc7 4. Nc3 e6 5. g3 Nf6 6. Bg2 Bb4 7. Qe2 O-O 8. e5 Nfd7 9. O-O a5 10. h4 Re8 11. h5 h6 12. Bf4 a4 13. a3 Bf8 14. Rae1 Qb6 15. Nd1 c5 16. g4 Nc6 17. c3 f6 18. exf6 Nxf6 19. Ne5 Nxe5 20. Bxe5 Qd8 21. Ne3 b5 22. Bxf6 Qxf6 23. Nxd5 Qh4 24. f4 Ra7 25. Ne3 Rf7 26. Be4 Bd6 27. Ng2 Qg3 28. Qe3 Qxe3+ 29. Rxe3 Ref8 30. Ref3 Rf6 31. R1f2 b4 32. c4 b3 33. Kf1 R6f7 34. Ke2 Rc7 35. Rf1 Be7 36. f5 Bf6 37. fxe6 Bxe6 38. Ne3 Re8 39. Rb1 Bd4 40. Kd2 Bxe3+ 41. Rxe3 Kh8 42. Bg6 Ree7 43. Rbe1 Rc6 44. Kc3 Rd6 45. Re5 Rdd7 46. Rxc5 Bxg4 47. Rc8+ 1-0


[Site "https://www.chess.com"]